[Event "Monday 15 January Rapid Engine Tour 12+1 Rounds 9 Starts 1600 ST"]
[Site "Infinity Chess"]
[Date "2018.1.15"]
[Round "2"]
[White "OlivierEvan"]
[Black "tris77"]
[Result "1-0"]
[ECO "E61"]
[WhiteElo "2393"]
[BlackElo "2447"]
[WhiteEngine "Houdini 6"]
[BlackEngine "Raubfisch X37b_CTG"]
[EventType "Swiss"]
[WhiteTeam ""]
[BlackTeam ""]
[PlyCount "133"]
[TimeControl "720+1"]

1. d4 Nf6 2. c4 g6 3. Nc3 Bg7 4. Nf3 d5 5. cxd5 Nxd5 6. e4 Nxc3 7. bxc3 c5 
8. Rb1 O-O 9. Be2 b6 10. O-O Bb7 11. Qd3 e6 12. Bg5 Qc7 13. Qe3 Nd7 14. h3 Rac8 
15. Rfd1 cxd4 16. cxd4 Qc3 17. Bd3 Qa3 18. Qd2 Bf6 19. Rb3 Qe7 20. h4 Bxg5 
21. hxg5 Rfd8 22. Re1 Rc7 23. Qe3 e5 24. d5 Nc5 25. Rc3 Kg7 26. Bf1 Rcc8 
27. Nh2 Rf8 28. Ra3 Ra8 29. g3 Bc8 30. f4 exf4 31. gxf4 f6 32. Bg2 fxg5 
33. fxg5 Qe5 34. Nf3 Qg3 35. Nd4 Qxe3+ 36. Rexe3 Rf4 37. Nb5 a5 38. Rac3 Bd7 
39. Nc7 Rc8 40. d6 Rff8 41. Re1 Bg4 42. e5 Rf7 43. Nd5 Rb8 44. Nf6 Be6 
45. Bh3 Rh8 46. Rxc5 Bxh3 47. Rc6 Be6 48. Rd1 Rd8 49. Rd2 b5 50. Rh2 Kh8 
51. Rhc2 a4 52. Rc7 Kg7 53. Re7 b4 54. Rxe6 b3 55. axb3 axb3 56. Rh2 Rh8 
57. d7 Rxd7 58. Nxd7 Kf7 59. Rf6+ Ke8 60. Nc5 Rf8 61. Re6+ Kf7 62. Rxh7+ Kg8 
63. Ree7 Rf7 64. Rexf7 b2 65. Rfg7+ Kf8 66. Nd7+ Ke8 67. Rg8# 1-0

[Event "Monday 15 January Rapid Engine Tour 12+1 Rounds 9 Starts 1600 ST"]
[Site "Infinity Chess"]
[Date "2018.1.15"]
[Round "2"]
[White "Dovahkiin"]
[Black "CrapCleaner"]
[Result "1/2-1/2"]
[ECO "D00"]
[WhiteElo "2402"]
[BlackElo "2416"]
[WhiteEngine "BrainFish_180113_x64_modern_CTG"]
[BlackEngine "komodo-11.01-64bit_CTG"]
[EventType "Swiss"]
[WhiteTeam ""]
[BlackTeam ""]
[PlyCount "113"]
[TimeControl "720+1"]

1. d4 d5 2. Bf4 Nf6 3. e3 c5 4. c3 Nc6 5. Nd2 e6 6. Ngf3 Bd6 7. Bg3 O-O 
8. Bd3 b6 9. Ne5 Bb7 10. O-O Qc7 11. f4 Ne7 12. Qf3 Nf5 13. Be1 Be7 14. Bf2 Rad8 
15. Rad1 Nd6 16. Bh4 Nfe4 17. Bxe7 Qxe7 18. Qh3 f6 19. Nef3 g6 20. g4 Nf7 
21. Qh4 Qc7 22. Be2 Nfd6 23. Qh3 Qe7 24. Nxe4 dxe4 25. Nd2 cxd4 26. cxd4 Rc8 
27. Rc1 Bd5 28. b3 Rc7 29. Rxc7 Qxc7 30. Nc4 Nxc4 31. bxc4 Bxc4 32. Rc1 b5 
33. g5 fxg5 34. Bxc4 Kg7 35. fxg5 bxc4 36. Qxe6 c3 37. Qxe4 Rf5 38. Rxc3 Rxg5+ 
39. Kf1 Qf7+ 40. Ke2 Qxa2+ 41. Kd3 Qb1+ 42. Rc2 Rf5 43. d5 h5 44. Qd4+ Kh6 
45. Kc3 Rf8 46. Rb2 Qa1 47. e4 a5 48. Kc2 Rc8+ 49. Kd2 Qh1 50. e5 Qg2+ 
51. Kd3 Qf1+ 52. Kd2 a4 53. Qe3+ Kg7 54. Qa7+ Kh6 55. Qe3+ Kg7 56. Qa7+ Kh6 
57. Qe3+ 1/2-1/2

[Event "Monday 15 January Rapid Engine Tour 12+1 Rounds 9 Starts 1600 ST"]
[Site "Infinity Chess"]
[Date "2018.1.15"]
[Round "2"]
[White "Coco69"]
[Black "Satria_Ungu"]
[Result "1/2-1/2"]
[ECO "C58"]
[WhiteElo "2426"]
[BlackElo "2425"]
[WhiteEngine "asmfishw_2018-01-12_base"]
[BlackEngine "Houdini 6"]
[EventType "Swiss"]
[WhiteTeam ""]
[BlackTeam ""]
[PlyCount "144"]
[TimeControl "720+1"]

1. e4 e5 2. Nf3 Nc6 3. Bc4 Nf6 4. Ng5 d5 5. exd5 Na5 6. Bb5+ c6 7. dxc6 bxc6 
8. Bd3 Nd5 9. h4 g6 10. Nc3 h6 11. Nxd5 cxd5 12. Nf3 Rb8 13. Nxe5 Bg7 14. f4 O-O 
15. Be2 Re8 16. O-O Nc4 17. d4 Nxb2 18. Qe1 h5 19. c3 Rb6 20. Bxb2 Rxb2 
21. Bd3 Bg4 22. Rb1 Rxb1 23. Qxb1 Qc7 24. Qc2 Rc8 25. Rc1 Qe7 26. g3 Rc7 
27. Kh2 Bf6 28. Qf2 Qe6 29. Qd2 Bxe5 30. fxe5 Qc8 31. Bf1 a5 32. a4 Bf5 
33. Qb2 Be4 34. Bb5 Kg7 35. Qd2 Kg8 36. Qe3 Qf8 37. Ra1 Kh7 38. Qd2 Qc8 
39. Rc1 Kg8 40. c4 dxc4 41. d5 Qg4 42. d6 Bf5 43. Qe3 Rc8 44. Kg1 Be6 
45. Ba6 Rb8 46. Bb5 Bd5 47. Kh2 Be6 48. Kg1 Rc8 49. Kf2 Qf5+ 50. Kg1 Qh3 
51. Qf3 Bd5 52. Qxd5 Qxg3+ 53. Kf1 Qf4+ 54. Kg2 Qxc1 55. e6 Qf4 56. e7 Qg4+ 
57. Kf1 Qh3+ 58. Ke2 Qh2+ 59. Kd1 Qg1+ 60. Kc2 Qf2+ 61. Qd2 Qf5+ 62. Kc1 Qf1+ 
63. Qd1 Qf4+ 64. Kb1 c3 65. d7 c2+ 66. Qxc2 Qb4+ 67. Qb2 Qe4+ 68. Ka1 Qe1+ 
69. Ka2 Qe6+ 70. Ka1 Qe1+ 71. Ka2 Qe6+ 72. Ka1 Qe1+ 1/2-1/2

[Event "Monday 15 January Rapid Engine Tour 12+1 Rounds 9 Starts 1600 ST"]
[Site "Infinity Chess"]
[Date "2018.1.15"]
[Round "2"]
[White "KULLANI"]
[Black "SkyPilot"]
[Result "1/2-1/2"]
[ECO "C55"]
[WhiteElo "2437"]
[BlackElo "2432"]
[WhiteEngine "BrainFish_180106_x64_CTG"]
[BlackEngine "stockfish_x64_bmi2_2018_01_01_CTG"]
[EventType "Swiss"]
[WhiteTeam ""]
[BlackTeam ""]
[PlyCount "125"]
[TimeControl "720+1"]

1. e4 e5 2. Nf3 Nc6 3. Bc4 Nf6 4. d3 Bc5 5. O-O d6 6. c3 O-O 7. Bg5 h6 8. Bh4 a6 
9. Re1 g5 10. Bg3 Ba7 11. Nbd2 Nh7 12. h3 h5 13. d4 g4 14. hxg4 hxg4 15. Bh4 Qd7 
16. Nh2 Kh8 17. Be2 Rg8 18. Nb3 Qe6 19. Bxg4 Rxg4 20. Qxg4 Qxg4 21. Nxg4 Bxg4 
22. d5 Nd8 23. c4 Kg7 24. Rac1 f6 25. c5 Nf7 26. f3 Bd7 27. Bf2 f5 28. exf5 Bxf5 
29. Na5 Nf6 30. Nxb7 a5 31. b3 a4 32. cxd6 cxd6 33. Rc6 Ne8 34. b4 Rb8 
35. Na5 Bxf2+ 36. Kxf2 Rxb4 37. Rc4 Rb5 38. Rxa4 Rxd5 39. Nc4 Rc5 40. Ne3 Be6 
41. Re2 Rc7 42. Ra8 Nf6 43. a4 Rc3 44. a5 Ra3 45. Rc2 Ra1 46. a6 Nd5 47. Rd2 Nb6 
48. Ra7 Nc8 49. Ra8 Nb6 50. Ra7 Kf6 51. Rb2 Na4 52. Rbb7 Nc5 53. Rb6 e4 
54. Ra8 Ke5 55. Kg3 Ra2 56. Rb4 exf3 57. gxf3 Rxa6 58. f4+ Kf6 59. Rxa6 Nxa6 
60. Rb6 Nc5 61. f5 Bxf5 62. Nxf5 Kxf5 63. Rxd6 1/2-1/2

[Event "Monday 15 January Rapid Engine Tour 12+1 Rounds 9 Starts 1600 ST"]
[Site "Infinity Chess"]
[Date "2018.1.15"]
[Round "2"]
[White "angriff"]
[Black "MarioDeMonti"]
[Result "1-0"]
[ECO "C55"]
[WhiteElo "2445"]
[BlackElo "2442"]
[WhiteEngine "SF_64BIT_POPCNT_CTG"]
[BlackEngine "stockfish_x64_bmi2_2018_01_01_CTG"]
[EventType "Swiss"]
[WhiteTeam ""]
[BlackTeam ""]
[PlyCount "145"]
[TimeControl "720+1"]

1. e4 e5 2. Nf3 Nc6 3. Bc4 Nf6 4. d3 Bc5 5. O-O d6 6. c3 O-O 7. Nbd2 a6 
8. a4 Ba7 9. h3 Ne7 10. Re1 h6 11. Bb3 c5 12. Nf1 Nc6 13. Ne3 Bd7 14. Bd2 Na5 
15. Ba2 Nc6 16. Nh2 Bb6 17. Nhg4 Kh7 18. Qf3 Nxg4 19. hxg4 Be6 20. g3 c4 
21. Nxc4 Ba7 22. b4 d5 23. exd5 Bxd5 24. Qe2 f5 25. Be3 Bxe3 26. Nxe3 Bxa2 
27. Rxa2 f4 28. Nc4 Kg8 29. b5 Ne7 30. Nxe5 fxg3 31. fxg3 Ng6 32. d4 Nxe5 
33. dxe5 Qa5 34. c4 Qc3 35. Kg2 Rad8 36. Rc2 Qb3 37. Rd1 Rxd1 38. Qxd1 Qxa4 
39. bxa6 Qxa6 40. Qd5+ Kh8 41. e6 Qa3 42. Rf2 Re8 43. Qe5 Qd3 44. e7 Kh7 
45. Kh2 Qg6 46. c5 Qd3 47. Qe6 Qg6 48. Qe2 Qa6 49. Qxa6 bxa6 50. Re2 a5 
51. c6 a4 52. c7 a3 53. Rd2 a2 54. Rxa2 Kg8 55. Rc2 Rc8 56. Rd2 Kf7 57. Rd8 Kxe7 
58. Rxc8 Kd6 59. Rg8 Kxc7 60. Rxg7+ Kb6 61. Rh7 Kb5 62. Rxh6 Kc5 63. g5 Kd5 
64. Ra6 Kc4 65. Ra8 Kd4 66. g6 Kc3 67. g7 Kd4 68. g8=Q Kc5 69. Rc8+ Kd4 
70. Qc4+ Ke3 71. Re8+ Kd2 72. Re2+ Kd1 73. Qc2# 1-0

[Event "Monday 15 January Rapid Engine Tour 12+1 Rounds 9 Starts 1600 ST"]
[Site "Infinity Chess"]
[Date "2018.1.15"]
[Round "2"]
[White "Neoxium"]
[Black "RonWeasley"]
[Result "1-0"]
[ECO "C12"]
[WhiteElo "2459"]
[BlackElo "2459"]
[WhiteEngine "SF SL FA-IDeA"]
[BlackEngine "BrainFish 130117_CTG"]
[EventType "Swiss"]
[WhiteTeam ""]
[BlackTeam ""]
[PlyCount "181"]
[TimeControl "720+1"]

1. e4 e6 2. d4 d5 3. Nc3 Nf6 4. Bg5 Bb4 5. exd5 Qxd5 6. Nf3 Ne4 7. Bd2 Bxc3 
8. Bxc3 Nxc3 9. bxc3 b6 10. a4 Bb7 11. a5 O-O 12. Be2 Nd7 13. O-O b5 14. a6 Bc6 
15. Qd3 Rab8 16. Rfb1 Rb6 17. Qe3 Rfb8 18. Ra5 Qd6 19. Ne5 Nxe5 20. dxe5 Qd5 
21. Bf1 Qd8 22. Bd3 Qd5 23. Qg3 Kh8 24. h3 Qd8 25. Rb4 Qf8 26. Rf4 Kg8 
27. c4 bxc4 28. Rxc4 Rc8 29. Qh4 g6 30. Rcc5 Bd7 31. Qg5 Bc6 32. Kh2 Bd5 
33. h4 h5 34. Be2 Kh7 35. Rc3 c5 36. Rg3 Qh6 37. Qf6 Qg7 38. c4 Qxf6 
39. exf6 Ba8 40. f4 Rd6 41. Re3 Kg8 42. Kg3 Rb8 43. Kf2 Rd4 44. g3 Rd6 
45. Rb5 Rc8 46. Reb3 Rcd8 47. Ra3 Rc8 48. Bf3 Bxf3 49. Kxf3 Rdd8 50. Rb7 Ra8 
51. Ke3 Rd4 52. Rd3 Rxc4 53. Rdd7 Rf8 54. Rxa7 Ra4 55. Kd3 Ra1 56. Kc4 Rc1+ 
57. Kb5 c4 58. Kb4 Ra1 59. Kxc4 Rc8+ 60. Kd3 Ra3+ 61. Kd4 Ra4+ 62. Ke5 Ra5+ 
63. Kd6 Rf8 64. Ke7 e5 65. Rd8 Rxd8 66. Kxd8 e4 67. Ke7 e3 68. Ra8+ Kh7 
69. Kxf7 e2 70. Re8 Ra2 71. Re7 Rxa6 72. Rxe2 Ra8 73. Re8 Ra3 74. Ke6 Re3+ 
75. Kd7 Rd3+ 76. Kc6 Ra3 77. f7 Ra6+ 78. Kd5 Ra5+ 79. Ke4 Rf5 80. f8=Q Rxf8 
81. Rxf8 Kg7 82. Rb8 Kf6 83. Rb6+ Kg7 84. Ke5 g5 85. fxg5 Kf7 86. Rf6+ Kg7 
87. Kf5 Kh7 88. Rf7+ Kh8 89. Kf6 Kg8 90. g6 Kh8 91. Rf8# 1-0

[Event "Monday 15 January Rapid Engine Tour 12+1 Rounds 9 Starts 1600 ST"]
[Site "Infinity Chess"]
[Date "2018.1.15"]
[Round "2"]
[White "Vimtiroba"]
[Black "Katzenmaier"]
[Result "1/2-1/2"]
[ECO "C50"]
[WhiteElo "2471"]
[BlackElo "2479"]
[WhiteEngine "Corchess 2.0_CTG"]
[BlackEngine "S_XPrO.251117.x64.POPCNT_CTG"]
[EventType "Swiss"]
[WhiteTeam ""]
[BlackTeam ""]
[PlyCount "92"]
[TimeControl "720+1"]

1. e4 e5 2. Nf3 Nc6 3. Bc4 Bc5 4. O-O Nf6 5. d3 O-O 6. c3 d6 7. Nbd2 Bb6 
8. h3 Ne7 9. Re1 c6 10. Bb3 Ng6 11. Nf1 Be6 12. Ng3 d5 13. exd5 Nxd5 14. d4 exd4 
15. Nxd4 a5 16. Bc2 Qc7 17. Ngf5 Rae8 18. Bd2 Nf6 19. a4 Bd5 20. Bg5 Rxe1+ 
21. Qxe1 Bxd4 22. Nxd4 Re8 23. Qd2 Ne4 24. Re1 h6 25. Bxe4 Rxe4 26. Rxe4 Bxe4 
27. Be3 Bd5 28. f3 Qe5 29. Bf2 b5 30. axb5 cxb5 31. Qe3 Bc4 32. Qxe5 Nxe5 
33. Bg3 Nd3 34. b3 Be6 35. b4 axb4 36. cxb4 Nxb4 37. Nxb5 f5 38. Nd4 Kf7 
39. Be1 Nd3 40. Bd2 g5 41. h4 f4 42. Nxe6 Kxe6 43. hxg5 hxg5 44. g3 Ne5 
45. gxf4 Nxf3+ 46. Kf2 Nxd2 1/2-1/2

[Event "Monday 15 January Rapid Engine Tour 12+1 Rounds 9 Starts 1600 ST"]
[Site "Infinity Chess"]
[Date "2018.1.15"]
[Round "2"]
[White "Marsell"]
[Black "Harry_Potter"]
[Result "1/2-1/2"]
[ECO "C53"]
[WhiteElo "2486"]
[BlackElo "2514"]
[WhiteEngine "asmFishW_2018-01-11_popcnt"]
[BlackEngine "Stockfish_18011309_x64_bmi2_CTG"]
[EventType "Swiss"]
[WhiteTeam ""]
[BlackTeam ""]
[PlyCount "97"]
[TimeControl "720+1"]

1. e4 e5 2. Nf3 Nc6 3. Bc4 Bc5 4. c3 Nf6 5. d3 d6 6. O-O a5 7. Bg5 Ba7 
8. Nbd2 h6 9. Bh4 Qe7 10. Bb5 O-O 11. Nc4 g5 12. Bg3 Nh5 13. Bxc6 bxc6 
14. Nxa5 Qe8 15. Nc4 f5 16. exf5 Bxf5 17. d4 Be6 18. Ne3 exd4 19. cxd4 Qf7 
20. Rc1 Nf4 21. a3 c5 22. dxc5 Bxc5 23. Rc3 Bb6 24. Qd2 Rae8 25. b4 Bh3 
26. Bxf4 gxf4 27. Nc2 Qg7 28. Nce1 Bd7 29. Kh1 Re2 30. Qxe2 Qxc3 31. Kg1 Re8 
32. Qd3 Qxd3 33. Nxd3 Re2 34. Nxf4 Ra2 35. Nd5 Bb5 36. Rc1 Bxf2+ 37. Kh1 Bc4 
38. Nxc7 Be3 39. Rd1 Be2 40. Rb1 Bd3 41. Re1 Bf2 42. Rc1 Be3 43. Rd1 Be2 
44. Re1 Bf2 45. Rc1 Be3 46. Rb1 Bd3 47. Re1 Bf2 48. Rc1 Be3 49. Re1 1/2-1/2

[Event "Monday 15 January Rapid Engine Tour 12+1 Rounds 9 Starts 1600 ST"]
[Site "Infinity Chess"]
[Date "2018.1.15"]
[Round "2"]
[White "hafaba"]
[Black "Thinker"]
[Result "1/2-1/2"]
[ECO "A20"]
[WhiteElo "2398"]
[BlackElo "2478"]
[WhiteEngine "Stockfish SL 07012018 POPCNT_CTG"]
[BlackEngine "BrainFish_180113_x64_modern_CTG"]
[EventType "Swiss"]
[WhiteTeam ""]
[BlackTeam ""]
[PlyCount "257"]
[TimeControl "720+1"]

1. c4 e5 2. g3 Nf6 3. Bg2 Bc5 4. Nc3 O-O 5. Nf3 Nc6 6. O-O d6 7. d3 h6 8. a3 a6 
9. b4 Ba7 10. e3 Bg4 11. h3 Be6 12. Bb2 Qd7 13. Kh2 Ne7 14. Qc2 Ng6 15. Ne2 Rfe8 
16. Rad1 Rac8 17. d4 e4 18. d5 Bf5 19. Nfd4 Ne5 20. Nxf5 Qxf5 21. Qb3 Qd7 
22. a4 c6 23. Bxe5 Rxe5 24. dxc6 bxc6 25. Kg1 Re7 26. Rb1 Rb8 27. a5 Qe6 
28. Rfc1 Qe5 29. Qa4 Rc7 30. Rc2 h5 31. Rcb2 d5 32. Rc2 Qd6 33. cxd5 Nxd5 
34. Bxe4 Rxb4 35. Rxb4 Qxb4 36. Qxb4 Nxb4 37. Rc4 c5 38. Nd4 Kf8 39. Kg2 Ke7 
40. Bf3 g6 41. Be2 Nc6 42. Nb3 f5 43. Rc1 Nb4 44. g4 hxg4 45. hxg4 Kf6 
46. Bc4 fxg4 47. Rh1 Nc6 48. Bxa6 c4 49. Bxc4 Nxa5 50. Nxa5 Rc5 51. Be2 Rxa5 
52. Bxg4 Ra2 53. Kf3 Rb2 54. Rc1 Bb6 55. Rc6+ Kg7 56. Kg3 Ba5 57. Bd1 g5 
58. Bc2 Bd2 59. Kg2 Bb4 60. Kf1 Be7 61. Bd3 Bd8 62. Kg2 Kf7 63. Bc4+ Kg7 
64. Re6 Bf6 65. Re8 Kg6 66. Rc8 Be7 67. Rc6+ Kg7 68. Bd3 Rd2 69. Be4 Kf8 
70. Bf3 Kg7 71. Bh5 Rd6 72. Rc7 Kf6 73. Rb7 Rd5 74. Rb6+ Ke5 75. Rh6 Rd6 
76. Rh7 Bd8 77. Rh8 Bf6 78. Rb8 Rd8 79. Rb4 Rd2 80. Rb7 Rd6 81. Bg4 Rd5 
82. Rf7 Bd8 83. Rf8 Ba5 84. Kf3 Rc5 85. Rf7 Bd8 86. Rf5+ Kd6 87. Rf7 Ke5 
88. Rf8 Ba5 89. Kg3 Be1 90. Kg2 Bc3 91. Be2 Kd6 92. Re8 Rd5 93. Rd8+ Ke5 
94. Rc8 Bb4 95. Re8+ Kf6 96. Rb8 Bd6 97. Rb6 Rd2 98. Bg4 Ke5 99. Kf3 Kf6 
100. Kg2 Ke7 101. Kf3 Bh2 102. Re6+ Kf7 103. Kg2 Bd6 104. Bf5 Rd5 105. Bg4 Rd3 
106. e4 Rd4 107. Kf3 Rd2 108. e5 Bc5 109. Rf6+ Ke7 110. Re6+ Kf7 111. Rf6+ Ke7 
112. Kg2 Rd4 113. Bc8 Rd2 114. Bg4 Rd4 115. f3 Rd2+ 116. Kf1 Rd5 117. Rf5 Bd4 
118. Rxg5 Rxe5 119. Rg8 Rb5 120. Ke2 Be5 121. Ke3 Kf7 122. Ra8 Kf6 123. Rf8+ Ke7 
124. Rf5 Ra5 125. Ke4 Bc7 126. Rxa5 Bxa5 127. f4 Kf6 128. Kf3 Bd2 129. Bd7 
1/2-1/2

[Event "Monday 15 January Rapid Engine Tour 12+1 Rounds 9 Starts 1600 ST"]
[Site "Infinity Chess"]
[Date "2018.1.15"]
[Round "1"]
[White "hafaba"]
[Black "ocirema"]
[Result "1-0"]
[ECO ""]
[WhiteElo "2380"]
[BlackElo "2442"]
[WhiteEngine "Stockfish SL 07012018 POPCNT_CTG"]
[BlackEngine "asmFishW_2018-01-12_popcnt_CTG"]
[EventType "Swiss"]
[WhiteTeam ""]
[BlackTeam ""]
[PlyCount "145"]
[TimeControl "720+1"]

1. e3 Nf6 2. d4 e6 3. Bd3 b6 4. e4 Bb7 5. Nd2 Be7 6. c3 c5 7. Ne2 O-O 8. O-O Nc6 
9. a3 d6 10. Nf3 b5 11. Ng3 a6 12. Qe2 Na5 13. Bf4 cxd4 14. cxd4 Qb6 
15. Rad1 Rac8 16. h3 Rfe8 17. Rb1 Nb3 18. Be3 Qc7 19. Rfe1 Qd8 20. Qd1 Na5 
21. a4 Nc4 22. Bc1 bxa4 23. Qxa4 d5 24. e5 Ne4 25. Nxe4 dxe4 26. Bxe4 Nb6 
27. Qd1 Bxe4 28. Rxe4 Nd5 29. Rg4 Qb6 30. Bh6 g6 31. Nd2 a5 32. h4 Rb8 
33. h5 Rec8 34. Qf3 a4 35. hxg6 fxg6 36. Qh3 Rc7 37. Kh2 Qc6 38. Rg3 Qd7 
39. Ra1 Ra7 40. Ra2 Rb4 41. Qg4 Ra8 42. Rf3 Ra6 43. b3 a3 44. Ne4 Rxd4 
45. b4 Rxb4 46. Raxa3 Rba4 47. Rab3 Ra8 48. Rb2 R4a6 49. g3 Qc8 50. Rfb3 Bf8 
51. Bxf8 Qxf8 52. Nd6 Rxd6 53. exd6 Qxd6 54. Qd4 Qd8 55. Rb7 Qf6 56. Rb8+ Rxb8 
57. Rxb8+ Kf7 58. Qa7+ Ne7 59. Kg1 Qe5 60. Rb7 Qd6 61. Rd7 Qb4 62. Rb7 Qd6 
63. Qa4 e5 64. Ra7 h5 65. Ra8 Qd3 66. Kh2 Qd6 67. Qe8+ Kf6 68. Qf8+ Ke6 
69. Rd8 Qc5 70. Re8 Qd6 71. Qg7 Kd7 72. Qf7 Qb4 73. Ra8 1-0

[Event "Monday 15 January Rapid Engine Tour 12+1 Rounds 9 Starts 1600 ST"]
[Site "Infinity Chess"]
[Date "2018.1.15"]
[Round "1"]
[White "MarioDeMonti"]
[Black "OlivierEvan"]
[Result "1/2-1/2"]
[ECO "B90"]
[WhiteElo "2444"]
[BlackElo "2391"]
[WhiteEngine "stockfish_x64_bmi2_2018_01_01_CTG"]
[BlackEngine "Houdini 6"]
[EventType "Swiss"]
[WhiteTeam ""]
[BlackTeam ""]
[PlyCount "105"]
[TimeControl "720+1"]

1. e4 c5 2. Nf3 d6 3. d4 cxd4 4. Nxd4 Nf6 5. Nc3 a6 6. Be3 e6 7. f3 b5 8. a3 Bb7 
9. Qd2 Nbd7 10. g4 Nb6 11. O-O-O Rc8 12. Kb1 Nfd7 13. g5 Ne5 14. f4 Nec4 
15. Bxc4 Nxc4 16. Qd3 Be7 17. h4 Qc7 18. Bd2 d5 19. e5 Bxa3 20. bxa3 Nxd2+ 
21. Rxd2 Qxc3 22. f5 O-O 23. Rf1 b4 24. fxe6 fxe6 25. Rxf8+ Rxf8 26. Qxc3 bxc3 
27. Rd3 Rf1+ 28. Ka2 Re1 29. Rxc3 Re4 30. Nxe6 Rxe5 31. Rc7 Rxe6 32. Rxb7 h5 
33. gxh6 Rxh6 34. Rb4 Kf7 35. Kb3 Ke6 36. c3 Rg6 37. Kc2 Ke5 38. Rb7 Rg4 
39. Kb3 a5 40. a4 Rxh4 41. Rxg7 Rh3 42. Rg5+ Ke4 43. Rg4+ Ke5 44. Rg5+ Ke4 
45. Rg2 Kf4 46. Rg7 d4 47. Rf7+ Ke5 48. Rd7 dxc3 49. Ra7 c2+ 50. Kxc2 Rh2+ 
51. Kb1 Rh1+ 52. Kc2 Rh2+ 53. Kb1 1/2-1/2

[Event "Monday 15 January Rapid Engine Tour 12+1 Rounds 9 Starts 1600 ST"]
[Site "Infinity Chess"]
[Date "2018.1.15"]
[Round "1"]
[White "tris77"]
[Black "angriff"]
[Result "1/2-1/2"]
[ECO "B00"]
[WhiteElo "2400"]
[BlackElo "2447"]
[WhiteEngine "Raubfisch X37b_CTG"]
[BlackEngine "SF_64BIT_POPCNT_CTG"]
[EventType "Swiss"]
[WhiteTeam ""]
[BlackTeam ""]
[PlyCount "117"]
[TimeControl "720+1"]

1. e4 Nc6 2. Nf3 e5 3. Bc4 Bc5 4. O-O Nf6 5. d3 d6 6. c3 O-O 7. Nbd2 a5 8. h3 h6 
9. Re1 Be6 10. Bb5 Qb8 11. Nf1 Qa7 12. Be3 Bxe3 13. Nxe3 Ne7 14. a4 Ng6 
15. Bc4 Nf4 16. Qc2 Bxc4 17. Nxc4 Qa6 18. b3 Rfe8 19. Kh2 Qc6 20. Rad1 b6 
21. d4 exd4 22. Nxd4 Qc5 23. g3 Ne6 24. e5 dxe5 25. Rxe5 Nxd4 26. cxd4 Qc6 
27. d5 Qc5 28. Rf5 Ne4 29. Rf4 Nd6 30. Kg2 Rad8 31. Qd3 Nxc4 32. Rxc4 Qd6 
33. Qf3 c5 34. Re4 g6 35. Rxe8+ Rxe8 36. h4 h5 37. Qc3 Re5 38. Qd3 Re8 
39. f3 Kg7 40. f4 f5 41. Qc3+ Kf7 42. Kf2 Re4 43. Rd2 Kg8 44. Kg2 Kh7 
45. Kh3 Re1 46. Rh2 Rd1 47. Rd2 Rh1+ 48. Kg2 Re1 49. Kf2 Re4 50. Kg2 Re1 
51. Qf3 Re4 52. Kh3 Rd4 53. Rxd4 cxd4 54. Qe2 Qxd5 55. Qe7+ Kh6 56. Qg5+ Kh7 
57. Qe7+ Kh6 58. Qf8+ Kh7 59. Qe7+ 1/2-1/2

[Event "Monday 15 January Rapid Engine Tour 12+1 Rounds 9 Starts 1600 ST"]
[Site "Infinity Chess"]
[Date "2018.1.15"]
[Round "1"]
[White "RonWeasley"]
[Black "Dovahkiin"]
[Result "1/2-1/2 "]
[ECO "B02"]
[WhiteElo "2461"]
[BlackElo "2400"]
[WhiteEngine "BrainFish 130117_CTG"]
[BlackEngine "BrainFish_180113_x64_modern_CTG"]
[EventType "Swiss"]
[WhiteTeam ""]
[BlackTeam ""]
[PlyCount "206"]
[TimeControl "720+1"]

1. e4 Nf6 2. e5 Nd5 3. c4 Nb6 4. d4 d6 5. exd6 cxd6 6. Nc3 g6 7. Be3 Bg7 
8. b3 O-O 9. Rc1 e5 10. dxe5 dxe5 11. c5 N6d7 12. Bc4 Nc6 13. Ne4 Qa5+ 
14. Bd2 Qc7 15. Ne2 b6 16. b4 bxc5 17. bxc5 Nf6 18. Nd6 Na5 19. Bd3 Nb7 
20. Nxc8 Rfxc8 21. c6 Na5 22. Qa4 Qd6 23. Bxg6 Nxc6 24. Bf5 Rd8 25. Bg5 Qb4+ 
26. Qxb4 Nxb4 27. O-O h6 28. Bxf6 Bxf6 29. a4 Rab8 30. Ng3 Rd4 31. Rc5 Nd5 
32. Bc2 Ne7 33. h3 Kf8 34. Re1 Rc8 35. Rxc8+ Nxc8 36. Nf5 Rc4 37. Bd1 e4 
38. Bb3 Rc3 39. Re3 Rc1+ 40. Kh2 Ne7 41. Nxe7 Bxe7 42. Rxe4 Rc3 43. Bd1 Rd3 
44. Be2 Ra3 45. Bb5 Bc5 46. Re2 a6 47. Bd7 Rd3 48. Rc2 Bd4 49. Bc6 Ke7 50. g3 f6 
51. Kg2 Kd6 52. Be8 Rc3 53. Rd2 Kc5 54. h4 Rb3 55. Rc2+ Rc3 56. Ra2 Rb3 
57. Bf7 Rb2 58. Rxb2 Bxb2 59. Kf3 Bd4 60. g4 a5 61. Ke2 Bc3 62. Ke3 Be1 
63. Bb3 Kb4 64. Bd1 Kc4 65. Be2+ Kb4 66. Bd1 Kc4 67. Be2+ Kb3 68. Bb5 Kb4 
69. Ke2 Bc3 70. f4 Kc5 71. Kd3 Bb4 72. Ke4 Be1 73. g5 fxg5 74. fxg5 hxg5 
75. hxg5 Bc3 76. Bd3 Kd6 77. Kf5 Ke7 78. Kg6 Kf8 79. Bc4 Bd2 80. Be6 Be1 
81. Kh6 Bc3 82. Bc4 Bd2 83. Bd5 Bc3 84. Be6 Ke7 85. Bb3 Ke8 86. Be6 Kf8 
87. Bc8 Bd4 88. Bg4 Bc3 89. Bf3 Bg7+ 90. Kg6 Bc3 91. Be2 Bd2 92. Bd1 Be3 
93. Bc2 Bd2 94. Bd1 Bf4 95. Bc2 Be3 96. Bb3 Ke7 97. Bd1 Bd4 98. Bc2 Be3 
99. Bb1 Kd7 100. Kf6 Ke8 101. Bc2 Kf8 102. Kg6 Ba7 103. Bd1 Bc5 1/2-1/2

[Event "Monday 15 January Rapid Engine Tour 12+1 Rounds 9 Starts 1600 ST"]
[Site "Infinity Chess"]
[Date "2018.1.15"]
[Round "1"]
[White "CrapCleaner"]
[Black "Neoxium"]
[Result "1/2-1/2"]
[ECO "C50"]
[WhiteElo "2414"]
[BlackElo "2461"]
[WhiteEngine "komodo-11.01-64bit_CTG"]
[BlackEngine "SF SL FA-IDeA"]
[EventType "Swiss"]
[WhiteTeam ""]
[BlackTeam ""]
[PlyCount "161"]
[TimeControl "720+1"]

1. e4 e5 2. Nf3 Nc6 3. Bc4 Bc5 4. O-O Nf6 5. d3 d6 6. c3 a5 7. Bg5 O-O 8. a4 h6 
9. Bh4 g5 10. Bg3 Kg7 11. Na3 Be6 12. Bxe6 fxe6 13. h4 Qe7 14. hxg5 hxg5 
15. d4 Bxa3 16. bxa3 Nxe4 17. Qd3 Nxg3 18. fxg3 exd4 19. cxd4 g4 20. Nh4 Qg5 
21. d5 exd5 22. Rf5 Rxf5 23. Nxf5+ Kh8 24. Rf1 Rf8 25. Qxd5 Kh7 26. Qd3 Qg6 
27. Qb5 Qe6 28. Rf4 Rf7 29. Qb1 Kh8 30. Qb2+ Ne5 31. Nd4 Qd5 32. Rxf7 Nxf7 
33. Ne6+ Ne5 34. Nf4 Qc5+ 35. Kh1 Qc6 36. Qb1 Qxa4 37. Qxb7 Qc2 38. Qb8+ Kg7 
39. Qc8 a4 40. Qd8 Kf7 41. Qc8 Qc1+ 42. Kh2 Qc2 43. Kh1 Qc4 44. Qd8 Qc5 
45. Qc8 Ke7 46. Kh2 Qc6 47. Kg1 Nd7 48. Qg8 Qc5+ 49. Kh2 Ne5 50. Qe6+ Kf8 
51. Nd5 Nf3+ 52. gxf3 Qf2+ 53. Kh1 Qf1+ 54. Kh2 Qf2+ 55. Kh1 Qxf3+ 56. Kg1 Qd1+ 
57. Kh2 Qd2+ 58. Kh1 Qd1+ 59. Kg2 Qc2+ 60. Kf1 Qd1+ 61. Kf2 Qd2+ 62. Kf1 Qd1+ 
63. Kf2 Qd2+ 64. Kf1 Qd3+ 65. Ke1 Qxg3+ 66. Kd2 Qf2+ 67. Kc1 Qc5+ 68. Kd1 Qg1+ 
69. Ke2 Qg2+ 70. Kd3 Qf1+ 71. Kc3 Qc1+ 72. Kb4 Qc5+ 73. Kxa4 Qc4+ 74. Ka5 Qc5+ 
75. Ka6 Qxa3+ 76. Kb7 Qb2+ 77. Kc6 Qe5 78. Qxg4 Qe8+ 79. Kxc7 Qf7+ 80. Kc6 Qe8+ 
81. Kb7 1/2-1/2

[Event "Monday 15 January Rapid Engine Tour 12+1 Rounds 9 Starts 1600 ST"]
[Site "Infinity Chess"]
[Date "2018.1.15"]
[Round "1"]
[White "Thinker"]
[Black "ivrdurant"]
[Result "1-0"]
[ECO "C55"]
[WhiteElo "2464"]
[BlackElo "2415"]
[WhiteEngine "BrainFish_180113_x64_modern_CTG"]
[BlackEngine "Raubfisch X37b1._CTG"]
[EventType "Swiss"]
[WhiteTeam ""]
[BlackTeam ""]
[PlyCount "63"]
[TimeControl "720+1"]

1. e4 e5 2. Nf3 Nc6 3. Bc4 Nf6 4. d3 Bc5 5. c3 d6 6. O-O O-O 7. h3 a5 8. Nbd2 h6 
9. Re1 a4 10. Bb5 Bd7 11. Nf1 Ne7 12. Bxd7 Qxd7 13. Ng3 Bb6 14. d4 Qb5 
15. Qc2 exd4 16. Nxd4 Qa5 17. Be3 Ng6 18. Rad1 Rfe8 19. c4 Re5 20. Kh1 Nh4 
21. Kh2 Ng6 22. f4 Ree8 23. Bd2 Qa6 24. Ndf5 Bf2 25. Re2 Bxg3+ 26. Nxg3 h5 
27. Rde1 Qb6 28. Bc3 Nxf4 29. Rf2 h4 30. Nf5 N4h5 31. Rff1 a3 32. Qd2 1-0